 Dungeon Crawl Stone Soup version 0.29-a0-356-g7bc237e783 (webtiles) character file.

Game seed: 7282632208342783679

955 NinjaNoafa the Bolt Thrower (level 7, -3/61 HPs)
             Began as a Minotaur Hunter on Apr 26, 2022.
             Was an Initiate of Ashenzari.
             Killed by an exploding hound (38 damage)
             ... ignited by their inner flame
             ... on level 6 of the Dungeon.
             The game lasted 00:12:46 (5267 turns).

NinjaNoafa the Bolt Thrower (Minotaur Hunter)       Turns: 5267, Time: 00:12:47

Health: -3/61      AC:  6    Str: 16    XL:     7   Next: 91%
Magic:  6/6        EV: 13    Int:  6    God:    Ashenzari [......]
Gold:   302        SH:  9    Dex: 15    Spells: 6/6 levels left

rFire   . . .      SeeInvis .   a - +2 hand crossbow of the Sky {Cun, Range} (curse)
rCold   + . .      Faith    .   p - +0 kite shield
rNeg    + + +      Spirit   .   l - +2 robe "Meda" {*Corrode rC+ rN+++ Regen+}
rPois   .          Reflect  .   (helmet restricted)
rElec   .          Harm     .   (no cloak)
rCorr   .          Rampage  .   (no gloves)
Will    .....                   g - +1 pair of boots
Stlth   ++........              (no amulet)
HPRegen 1.00/turn               (no ring)
MPRegen 0.10/turn               (no ring)

@: about to teleport
A: horns 2, retaliatory headbutt
a: Renounce Religion, Curse Item, Shatter the Chains


You were on level 6 of the Dungeon.
You worshipped Ashenzari.
Ashenzari was noncommittal.
You visited 1 branch of the dungeon, and saw 6 of its levels.
You also visited: Sewer.

You collected 302 gold pieces.

Inventory:

Hand Weapons
 a - the cursed +2 hand crossbow of the Sky (weapon) {Cun, Range}

   It has a curse which improves the following skills: Cunning: Dodging and
   Stealth.
   Ranged Combat: Slings, Bows, Crossbows and Throwing.
 f - a +0 short sword
Missiles
 k - 4 poisoned darts
 n - 5 curare-tipped darts
 o - 5 boomerangs
Armour
 d - a +0 buckler
 e - an orb of light
 g - a +1 pair of boots (worn)
 l - the +2 robe "Meda" (worn) {*Corrode rC+ rN+++ Regen+}
   (You found it on level 4 of the Dungeon)

   rC:        It protects you from cold.
   rN:        It renders you almost immune to negative energy.
   Regen:     It increases your rate of health regeneration.
   *Corrode:  It may corrode you when you take damage.
 p - a +0 kite shield (worn)
Scrolls
 b - 2 scrolls of magic mapping
 c - 3 scrolls of immolation
 h - a scroll of teleportation
 i - 4 scrolls of identify
 q - 2 scrolls of amnesia
Potions
 j - a potion of heal wounds
 s - a potion of invisibility


   Skills:
 - Level 5.0 Fighting
 + Level 6.7(7.2) Crossbows
 + Level 5.3(5.8) Dodging
 + Level 3.0(3.4) Stealth
 * Level 4.3 Shields


You had 6 spell levels left.
You didn't know any spells.
Your spell library contained the following spells:

 Spells                   Type           Power      Damage    Failure   Level
 Call Canine Familiar     Summ           0%         N/A       99%         3
 Conjure Flame            Conj/Fire      0%         6-21      99%         3
 Gell's Gravitas          Tloc           0%         N/A       99%         3
 Ignite Poison            Fire/Tmut/Pois 0%         N/A       99%         3
 Lesser Beckoning         Tloc           0%         N/A       99%         3
 Portal Projectile        Hex/Tloc       0%         N/A       99%         3
 Teleport Other           Tloc           0%         N/A       99%         3
 Leda's Liquefaction      Hex/Erth       0%         N/A       100%        4
 Sticky Flame             Conj/Fire      0%         2d3       100%        4


Dungeon Overview and Level Annotations

Branches:
Dungeon (6/15)             Temple (0/1) D:6           Sewer (visited)

Altars:
Ashenzari
Cheibriados
Dithmenos
Kikubaaqudgha
Okawaru
Yredelemnul
The Shining One

Shops:
D:1 =


Innate Abilities, Weirdness & Mutations

You have a pair of horns on your head.
You reflexively headbutt those who attack you in melee.


Message History

It was a potion of magic.
Magic courses through your body. You block the hound's attack.
The hound stops to sniff the ground.
The hound misses you.
Okay, then.
As you read the scroll of identify, it crumbles to dust.
s - a potion of invisibility You block the hound's attack.
As you read the scroll of fog, it crumbles to dust.
The scroll dissolves into smoke.
The hound barely misses you. The hound misses you.
Really read the scroll of immolation? [Y]es or [N]o only, please.
Really read the scroll of immolation?
As you read the scroll of immolation, it crumbles to dust.
The creatures around you are filled with an inner flame!
The hound barely misses you. The hound bites you.
The hound attacks as you move away! You block the hound's attack.
A sky beast and a black bear come into view.
You block the hound's attack. The hound attacks as you move away!
The hound bites you but does no damage. You block the hound's attack.
As you read the scroll of teleportation, it crumbles to dust.
You feel strangely unstable. The hound bites you. The hound misses you.
You furiously retaliate!
You headbutt the hound.
Flame seeps out of the hound.
The sky beast closely misses you. The sky beast attacks as you move away!
You block the sky beast's attack.
The hound is engulfed in blazing flames.
Flame seeps out of the hound.
The hound barely misses you. x2
You furiously retaliate!
You headbutt the hound.
The hound explodes!
The fiery explosion engulfs you!!
The fiery explosion engulfs the gnoll!
The gnoll is almost dead.
The fiery explosion engulfs the sky beast!!
You kill the sky beast!
The fiery explosion engulfs the hound!
The hound explodes!
The fiery explosion engulfs you!!!
Ouch! That really hurt!
You die...

#.#.#.. .... #
#.#.§.##..>.. .
####.#.#..# .... .#
h...#.#g.##..s###..
#....#§l.#.###...
#....#§#.#.#...#
+§§§§#§#g......###
#######§§g§#§##.#)......
.......@§○§l§##....<....
###############.........
+........> #.........
####...... #######


You could see an iguana and a gnoll.

Vanquished Creatures
  A sky beast (D:6)
  3 ogres
  A necrophage (D:4)
  2 scorpions
  A howler monkey (D:5)
  5 hounds
  2 iguanas (D:5)
  Terence (D:2)
  Natasha (thrice) (D:2)
  A gnoll (D:6)
  11 adders
  A river rat (Sewer)
  A white imp (D:5)
  3 worms (D:4)
  2 dart slugs
  6 orcs
  7 bats
  6 endoplasms
  5 giant cockroaches
  7 goblins
  8 hobgoblins
  4 jackals
  7 quokkas
  12 ball pythons
  9 frilled lizards
  6 kobolds
  8 rats
123 creatures vanquished.

Notes
Turn   | Place    | Note
-------+----------+-------------------------------------------
     0 | D:1      | NinjaNoafa the Minotaur Hunter began the quest for the Orb.
     0 | D:1      | Reached XP level 1. HP: 18/18 MP: 0/0
    72 | D:1      | Reached XP level 2. HP: 19/25 MP: 1/1
   629 | D:1      | Found Retobbed's Jewellery Boutique.
   801 | D:2      | Reached XP level 3. HP: 31/31 MP: 2/2
   950 | D:2      | Reached skill level 5 in Crossbows
  1119 | D:2      | Noticed Natasha
  1124 | D:2      | Killed Natasha
  1125 | D:2      | Reached skill level 1 in Shields
  1125 | D:2      | Reached XP level 4. HP: 37/38 MP: 3/3
  1195 | D:2      | Noticed Terence
  1205 | D:2      | Killed Terence
  1374 | D:2      | Noticed Natasha
  1381 | D:2      | Killed Natasha
  1577 | D:2      | Found a broken altar of Ashenzari.
  1587 | D:2      | Became a worshipper of Ashenzari the Shackled
  1649 | D:2      | Noticed Natasha
  1655 | D:2      | Killed Natasha
  1656 | D:2      | Reached XP level 5. HP: 46/46 MP: 4/4
  2428 | D:3      | Found a faded altar of an unknown god.
  2835 | D:4      | Found a glowing drain.
  2860 | Sewer    | Entered a sewer
  2960 | Sewer    | Reached skill level 1 in Stealth
  3265 | D:4      | Noticed an ogre
  3290 | D:4      | Identified the +2 robe "Meda" {*Corrode rC+ rN+++ Regen+}
  3299 | D:4      | Killed an ogre
  3300 | D:4      | Reached XP level 6. HP: 38/53 MP: 5/5
  3457 | D:4      | Reached * piety under Ashenzari
  3583 | D:4      | Reached skill level 6 in Crossbows
  3859 | D:4      | Reached XP level 7. HP: 57/60 MP: 6/6
  4039 | D:4      | Reached skill level 5 in Fighting
  4094 | D:4      | Found a glowing golden altar of the Shining One.
  4096 | D:4      | Noticed an angel
  4102 | D:4      | Found a basalt altar of Yredelemnul.
  4104 | D:4      | Noticed a profane servitor
  4305 | D:5      | Entered Level 5 of the Dungeon
  4525 | D:5      | Reached skill level 5 in Dodging
  4572 | D:5      | Found a large runed translucent door.
  4576 | D:5      | Found a large runed translucent door.
  4621 | D:5      | Found an iron altar of Okawaru.
  4905 | D:5      | Found an ancient bone altar of Kikubaaqudgha.
  5191 | D:5      | Found a shadowy altar of Dithmenos.
  5207 | D:5      | Found a snail-covered altar of Cheibriados.
  5242 | D:6      | Found a staircase to the Ecumenical Temple.
  5267 | D:6      | Killed by an exploding hound... ignited by their inner
                  | flame

Illustrated notes

Levels and vault maps discovered:
D:1:      spicycebolla_arrival_teleporter_tutorial, layout_loops_cross,
          serial_shops, nicolae_shop_behind_doors
D:2:      layout_basic, basic_altar, uniq_natasha, uniq_terence
D:3:      layout_loops_ring, dreamdust_ecumenical_altar_angels_and_demons
D:4:      layout_layer_cave, grunt_temple_overflow_holy_war,
          cheibrodos_sewer_entry_bend, enter_ossuary_5, minmay_box_of_dots
D:5:      layout_layer_cave, okawaru_trees_1, mainiacjoe_overflow_alcove_4,
          jmf_multi_god_temple2
D:6:      lemuel_ice_spiral_2, layout_basic,
          nicolae_gozag_cash_rules_everything_around_me,
          minmay_temple_entry_slanted, nrook_campfire,
          amcnicky_mini_corridor_feature, uniq_maggie, uniq_prince_ribbit1

Skill      XL: |  1  2  3  4  5  6  7 |
---------------+----------------------+-----
Fighting       | 3 4 5 |  5.0
Crossbows      | 5 6 |  6.7
Dodging        | 3 4 5 |  5.3
Shields        | 1 2 4 |  4.3
Stealth        | 1 2 3 |  3.0

Action                   |  1- 3 |  4- 6 |  7- 9 || total
-------------------------+-------+-------+-------++-------
Melee: Hand crossbow     |       |       |     3 ||     3
 Fire: Hand crossbow     |   108 |   157 |   131 ||   396
Throw: Boomerang         |       |    19 |       ||    19
       Dart              |       |       |     2 ||     2
Invok: Curse Item        |       |     2 |       ||     2
       Shatter the Chain |       |     1 |       ||     1
  Use: Scroll            |     7 |     7 |     4 ||    18
       Potion            |       |     4 |     2 ||     6
Armor: Leather armour    |     9 |    11 |       ||    20
       Robe              |       |    10 |    15 ||    25
Dodge: Dodged            |    25 |    43 |    70 ||   138
Block: Buckler           |       |    11 |    15 ||    26
       Kite shield       |       |       |    22 ||    22

Table legend: (Time is in decaauts)
 A = Elapsed time spent in this place.
 B = Non-inter-level travel time spent in this place.
 C = Inter-level travel time spent in this place.
 D = Time resting spent in this place.
 E = Time spent auto-exploring this place.
 F = Levels seen in this place.
 G = Mean time per level.
                   A        B        C        D        E       F      G
               +--------+--------+--------+--------+--------+-----+--------+
         Total |   5438 |   5237 |    201 |      0 |   4102 |   7 |  776.9 |
       Dungeon |   4998 |   4797 |    201 |      0 |   3810 |   6 |  833.0 |
         Sewer |    440 |    440 |      0 |      0 |    291 |   1 |  440.0 |
               +--------+--------+--------+--------+--------+-----+--------+

Top non-repeatable levels by time:
     D:2: 1268 daAuts
     D:4: 1217 daAuts
     D:5: 962 daAuts
     D:3: 822 daAuts
     D:1: 699 daAuts
   Sewer: 440 daAuts
     D:6: 27 daAuts
